 Dungeon Crawl Stone Soup version 0.17-a0-1711-gc5340a3 (webtiles) character file.

68 kae the Firebug (level 4, -2/24 HPs)
             Began as a Tengu Fire Elementalist on Aug 22, 2015.
             Killed by divine providence
             ... invoked by an orc priest
              (14 damage)
             ... on level 3 of the Dungeon.
             The game lasted 00:02:28 (2198 turns).

kae the Firebug (Tengu Fire Elementalist)           Turns: 2198, Time: 00:02:28

Health: -2/24      AC:  2    Str:  9    XL:     4   Next: 19%
Magic:  3/8        EV:  7    Int: 16    God:
Gold:   264        SH:  0    Dex: 14    Spells: 1 memorised, 6 levels left

rFire  . . .     SeeInvis .     i - +0 short sword
rCold  . . .     Clarity  .     a - +0 robe
rNeg   . . .     SustAt   .     (no shield)
rPois  .         Gourm    .     (helmet restricted)
rElec  .         Spirit   .     (no cloak)
rCorr  .         Warding  .     (no gloves)
rMut   .         Stasis   .     (boots unavailable)
MR     .....                    (no amulet)
Stlth  ++........               (no ring)
                                (no ring)

@: not resistant to hostile enchantments, unstealthy
A: beak, talons 3
a: no special abilities


You were on level 3 of the Dungeon.
You were hungry.

You visited 1 branch of the dungeon, and saw 3 of its levels.

You collected 264 gold pieces.

Inventory:

Hand weapons
 i - a +0 short sword (weapon)
Armour
 a - a +0 robe (worn)
Jewellery
 g - an uncursed ring of protection from cold {unknown}
Scrolls
 d - 2 scrolls of teleportation {unknown}
 e - 4 scrolls of identify {unknown}
 f - a scroll of fear {unknown}
 j - 2 scrolls of enchant weapon {unknown}
 l - 2 scrolls of remove curse {unknown}
Potions
 k - a potion of haste
 n - 2 potions of resistance {unknown}
 o - a potion of mutation {unknown}
 q - a potion of beneficial mutation {unknown}
Books
 b - a book of Flames

   Spells                             Type                      Level
   a - Flame Tongue                   Conjuration/Fire             1
   b - Throw Flame                    Conjuration/Fire             2
   c - Conjure Flame                  Conjuration/Fire             3
   d - Inner Flame                    Hexes/Fire                   3
   e - Sticky Flame                   Conjuration/Fire             4
   f - Fireball                       Conjuration/Fire             5
Comestibles
 c - 3 bread rations
 h - 4 chunks of flesh
 m - a meat ration
 p - a royal jelly


   Skills:
 - Level 2.1 Dodging
 - Level 2.0 Stealth
 - Level 2.0 Spellcasting
 - Level 1.3 Conjurations
 + Level 5.4 Fire Magic


You had 6 spell levels left.
You knew the following spells:

 Your Spells              Type           Power        Failure   Level  Hunger
a - Flame Tongue          Conj/Fire      ##...        8%          1    #......


Dungeon Overview and Level Annotations

Branches:
Dungeon (3/15)

Altars:
Kikubaaqudgha
Yredelemnul


Innate Abilities, Weirdness & Mutations

You have a beak for a mouth.
You have claws for feet.


Message History

An orc comes into view.
You see here a worm corpse.
You butcher the worm corpse.
You see here 3 chunks of flesh.
There isn't anything to butcher here.
Unknown command.
An orc is nearby!
h - 4 chunks of flesh (gained 3)
The orc priest shouts!
You see here a rat corpse.
The orc priest invokes the aid of Beogh against you.
Something smites you!
Ouch! That really hurt!
The orc priest miscasts a cantrip.
The orc priest miscasts a cantrip.
There is a stone staircase leading up here.
The orc priest calls down the wrath of Beogh upon you.
Something smites you!
Ouch! That really hurt!
You die...

#.##.#.#.#.#..#####.##
#.##.......#..#####.#######
#........#o#..##..........##
+.######...#..##............
# ............##..........##
####.##o.##.##).........#
#..........##..........#
###.###..........#.###.###
......<..@........# #.#
##.###..#.......#####.#
#.....................#
.#..........>..........#
..............#####..#.#
..............# #..#.####
..............# #..#.....
...##.###.##..# #..######
.#............# #..


You could see 2 orc priests.

Vanquished Creatures
  3 adders
  An ooze (D:2)
  2 worms
  A giant gecko (D:2)
  An orc (D:3)
  4 bats (D:1)
  2 giant cockroaches
  4 hobgoblins
  3 jackals
  4 kobolds (D:1)
  A ball python (D:1)
  2 giant newts
  2 goblins
  5 rats
35 creatures vanquished.

Notes
Turn   | Place    | Note
--------------------------------------------------------------
     0 | D:1      | kae the Tengu Fire Elementalist began the quest for the Orb.
     0 | D:1      | Reached XP level 1. HP: 10/10 MP: 4/4
   110 | D:1      | You fall through a shaft!
   381 | D:1      | Reached XP level 2. HP: 15/15 MP: 1/6
   459 | D:1      | Reached skill level 4 in Fire Magic
  1162 | D:2      | Found an ancient bone altar of Kikubaaqudgha.
  1215 | D:2      | Reached XP level 3. HP: 11/19 MP: 0/7
  1559 | D:2      | Reached skill level 5 in Fire Magic
  1898 | D:2      | Found a basalt altar of Yredelemnul.
  2119 | D:3      | Reached XP level 4. HP: 21/24 MP: 1/8
  2198 | D:3      | Killed from afar by an orc priest

Vault maps used:
D:1:      moated_graveyard_arrival
D:2:      nicolae_overflow_crystal_walls, yredelemnul_altar_generic,
          first_bread, st_stairs_9

Action                   |  1- 3 |  4- 6 || total
-------------------------+-------+-------++-------
Melee: Short sword       |    34 |       ||    34
 Cast: Flame Tongue      |    66 |     8 ||    74
  Use: Potion            |     5 |       ||     5
  Eat: Chunk             |     5 |       ||     5
